 Dungeon Crawl Stone Soup version 0.27.0-1-g7a089689b8 (webtiles) character file.

Game seed: 7042114011685726555

541 ZARRMARR the Shield-Bearer (level 7, -15/43 HPs)
             Began as a Gargoyle Fighter on Aug 9, 2021.
             Killed from afar by a steam dragon (24 damage)
             ... with a ball of steam
             ... on level 6 of the Dungeon.
             The game lasted 00:22:16 (4243 turns).

ZARRMARR the Shield-Bearer (Gargoyle Fighter)       Turns: 4243, Time: 00:22:17

Health: -15/43     AC: 13    Str: 21    XL:     7   Next: 26%
Magic:  0/7        EV:  8    Int:  8    God:
Gold:   183        SH:  9    Dex: 10    Spells: 6/6 levels left

rFire    . . .     SeeInvis .   s - +0 flail (protect)
rCold    . . .     Faith    .   c - +0 kite shield
rNeg     + . .     Spirit   +   b - +0 scale mail
rPois    ∞         Reflect  .   (no helmet)
rElec    +         Harm     .   o - scarf {shadows}
rCorr    .         Rampage  .   k - +0 pair of gloves
Will     .....                  (no boots)
Stlth    ..........             p - amulet of guardian spirit
HPRegen  0.14/turn              (no ring)
MPRegen  0.10/turn              (no ring)

@: no status effects
A: sickness immunity, AC +4, negative energy resistance 1, electricity
resistance, torment resistance 1, petrification resistance
a: no special abilities


You were on level 6 of the Dungeon.
You visited 1 branch of the dungeon, and saw 6 of its levels.

You collected 183 gold pieces.

Inventory:

Hand Weapons
 s - a +0 flail of protection (weapon)
Missiles
 e - 5 boomerangs (quivered)
 g - 85 stones
 w - 8 poisoned darts
Armour
 b - a +0 scale mail (worn)
 c - a +0 kite shield (worn)
 k - a +0 pair of gloves (worn)
 o - a scarf of shadows (worn)
Jewellery
 p - an amulet of guardian spirit (around neck)
 r - a ring of fire
Wands
 m - a wand of iceblast (7)
Scrolls
 a - a scroll of torment {unknown}
 h - 2 scrolls of magic mapping
 l - 2 scrolls of noise
 q - a scroll of summoning {unknown}
 t - a scroll of fog {unknown}
 u - a scroll of teleportation {unknown}
 v - a scroll of blinking {unknown}
Potions
 d - a potion of might
 f - a potion of attraction {unknown}
 i - a potion of flight {unknown}
 j - 3 potions of heal wounds {unknown}
 n - a potion of curing {unknown}


   Skills:
 + Level 4.1 Fighting
 + Level 4.8 Maces & Flails
 + Level 2.3 Throwing
 + Level 4.5 Armour
 + Level 0.8 Dodging
 + Level 0.3 Stealth
 + Level 4.9 Shields


You had 6 spell levels left.
You didn't know any spells.
Your spell library contained the following spells:

 Spells                   Type           Power      Damage    Failure   Level
 Pain                     Necr           0%         1d4       99%         1
 Hailstorm                Conj/Ice       0%         3d3       100%        4
 Ice Form                 Ice/Tmut       0%         N/A       100%        4
 Agony                    Necr           0%         N/A       100%        5
 Excruciating Wounds      Necr           0%         N/A       100%        5
 Simulacrum               Ice/Necr       0%         N/A       100%        6
 Malign Gateway           Summ/Tloc      0%         N/A       100%        7
 Summon Horrible Things   Summ           0%         N/A       100%        8


Dungeon Overview and Level Annotations

Branches:
Dungeon (7/15)
 Temple: D:4-7

Altars:
Ashenzari
Dithmenos
Gozag
Makhleb

Annotations:
D:3 Grinder


Innate Abilities, Weirdness & Mutations

You are immune to sickness and miasma.
Your stone body is resilient. (AC +4)
You are immune to poison.
You resist negative energy. (rN+)
You are resistant to electric shocks. (rElec)
You are resistant to unholy torment.
You are immune to petrification.


Message History

The steam dragon breathes steam at you. The ball of steam hits you!
The steam dragon bites you but does no damage.
The steam dragon closely misses you.
You barely miss the steam dragon.
The steam dragon is almost dead.
The steam dragon bites you but does no damage.
You block the steam dragon's attack.
The adder is engulfed in a cloud of scalding steam.
You barely miss the steam dragon.
The steam dragon is severely wounded.
The adder bites you. The steam dragon bites you.
You block the steam dragon's attack.
You hit the steam dragon but do no damage.
Your weapon exudes an aura of protection.
The steam dragon is severely wounded.
The adder barely misses you. The steam dragon breathes steam at you.
The ball of steam misses you. The adder bites you.
You block the steam dragon's attack. The steam dragon barely misses you.
The steam dragon barely misses you. The steam dragon claws you.
You completely miss the steam dragon.
The steam dragon is severely wounded.
A bullfrog zombie comes into view.
You block the adder's attack. The steam dragon bites you!
* * * LOW HITPOINT WARNING * * *
You block the steam dragon's attack.
You barely miss the steam dragon.
The steam dragon is severely wounded.
You block the adder's attack. The steam dragon breathes steam at you.
The ball of steam misses you. The adder barely misses you.
The steam dragon bites you.
* * * LOW HITPOINT WARNING * * *
The steam dragon claws you but does no damage.
The adder bites you but does no damage. The steam dragon breathes steam at you.
The ball of steam hits you!!
Ouch! That really hurt!
You die...

#. . #.. ..
#...##..#.#....
...>...#...... . .
...#........#. ..
........ ..... ..
#...#..###..# .#
......>.....#..#..
.........S§@......
#.>......D.Z......
#.§>..............
....#..#.#.##..#.#
#...#......$......
#.........!.......
.............##.
.............#
....#. ......


You could see a steam dragon (catching breath), an adder and a bullfrog zombie.

Vanquished Creatures
  A water moccasin (D:7)
  A necrophage (D:4)
  A kobold brigand (D:7)
  3 orc priests
  Jessica (D:3)
  A hound skeleton (D:4)
  4 adders
  A white imp (D:7)
  An ufetubus (D:6)
  A dart slug (D:3)
  9 orcs
  10 bats
  7 endoplasms
  3 giant cockroaches (D:1)
  10 goblins
  9 hobgoblins
  2 jackals (D:3)
  7 kobolds
  3 quokkas
  8 ball pythons
  4 frilled lizards
  8 rats
95 creatures vanquished.

Vanquished Creatures (others)
  2 plants
2 creatures vanquished.

Grand Total: 97 creatures vanquished

Notes
Turn   | Place    | Note
-------+----------+-------------------------------------------
     0 | D:1      | ZARRMARR the Gargoyle Fighter began the quest for the Orb.
     0 | D:1      | Reached XP level 1. HP: 14/14 MP: 1/1
     6 | D:1      | Noticed a water moccasin
     6 | D:1      | Noticed a swamp worm
     6 | D:1      | Noticed a hound
     7 | D:1      | Noticed a black bear
   187 | D:1      | Reached XP level 2. HP: 18/19 MP: 2/2
   861 | D:1      | Reached XP level 3. HP: 19/23 MP: 3/3
  1742 | D:2      | Reached XP level 4. HP: 25/29 MP: 4/4
  1899 | D:2      | Found a broken altar of Ashenzari.
  1949 | D:2      | Found a faded altar of an unknown god.
  2346 | D:3      | Reached XP level 5. HP: 33/33 MP: 5/5
  2449 | D:3      | Noticed Jessica
  2454 | D:3      | Killed Jessica
  2455 | D:3      | Reached skill level 1 in Throwing
  2711 | D:3      | Found a burning altar of Makhleb.
  2712 | D:3      | Found an opulent altar of Gozag.
  2717 | D:3      | Found a shadowy altar of Dithmenos.
  3232 | D:3      | Noticed Grinder
  3678 | D:4      | Reached XP level 6. HP: 20/38 MP: 2/6
  3874 | D:4      | Noticed a necrophage
  3885 | D:4      | Killed a necrophage
  4026 | D:4      | You fall into a shaft and drop 3 floors!
  4102 | D:7      | Noticed a water moccasin
  4109 | D:7      | Killed a water moccasin
  4110 | D:7      | Reached XP level 7. HP: 41/43 MP: 7/7
  4222 | D:6      | Noticed a steam dragon
  4243 | D:6      | Killed from afar by a steam dragon

Illustrated notes

Levels and vault maps discovered:
D:1:      onia_arrival_zoo_common, layout_basic
D:2:      layout_loops_ring, basic_altar, dilly_ecumenical_altar_fadedgnrine
D:3:      layout_loops_ring, nicolae_wu_jian_immortal_techniques,
          gammafunk_temple_overflow_forgotten, chequers_serial_rivers_micro_e,
          uniq_jessica, uniq_grinder
D:4:      layout_basic
D:6:      layout_basic, hangedman_abyss_or_decor_lesser_grid
D:7:      layout_gridville, mainiacjoe_overflow_small_starburst

Skill      XL: |  1  2  3  4  5  6 |
---------------+-------------------+-----
Maces & Flails | 3 4 |  4.8
Throwing       | 1 2 |  2.3
Armour         | 4 |  4.5
Shields        | 4 |  4.9
Fighting       | 4 |  4.1
Dodging        | |  0.8
Stealth        | |  0.3

Action                   |  1- 3 |  4- 6 |  7- 9 || total
-------------------------+-------+-------+-------++-------
Melee: Flail             |   128 |   168 |    26 ||   322
Throw: Stone             |    30 |    10 |       ||    40
       Boomerang         |       |    43 |     9 ||    52
  Use: Scroll            |       |     2 |       ||     2
Armor: Scale mail        |    72 |    80 |    25 ||   177
Dodge: Dodged            |    43 |    60 |    16 ||   119
Block: Kite shield       |    70 |    82 |    23 ||   175
